 Dungeon Crawl Stone Soup version 0.16.1-11-g651b585 (webtiles) character file.

108 maniek23 the Sneak (level 4, -6/21 HPs)
             Began as a Vine Stalker Enchanter on Apr 3, 2015.
             Killed by nerve-wracking pain
             ... invoked by an orc priest
              (13 damage)
             ... on level 3 of the Dungeon.
             The game lasted 00:07:04 (1839 turns).

maniek23 the Sneak (Vine Stalker Enchanter)         Turns: 1839, Time: 00:07:06

Health: -6/21      AC:  3    Str: 10    XL:     4   Next: 87%
Magic:  0/9        EV: 13    Int: 15    God:
Gold:   172        SH:  0    Dex: 16    Spells: 3 memorised, 1 level left

rFire  x . .     SeeInvis .     a - +1 dagger
rCold  + . .     Clarity  .     b - +1 robe
rNeg   + . .     SustAb   .     (no shield)
rPois  .         Gourm    .     (no helmet)
rElec  .         Spirit   +     (no cloak)
rCorr  .         Warding  .     (no gloves)
rMut   .         Stasis   .     (no boots)
MR     .....                    (no amulet)
Stlth  +++.......               u - ring of positive energy
                                m - ring of ice

@: very slightly contaminated, not resistant to hostile enchantments, fairly
stealthy
A: fangs 2, regeneration 1, magic shield, antimagic bite, no device heal 3, rot
immunity
a: no special abilities


You were on level 3 of the Dungeon.
You were hungry.

You visited 1 branch of the dungeon, and saw 3 of its levels.

You collected 172 gold pieces.

Inventory:

Hand weapons
 a - a +1 dagger (weapon)
 f - a +1 vampiric dagger
Armour
 b - a +1 robe (worn)
Jewellery
 m - a ring of ice (left hand)
 u - a ring of positive energy (right hand)
 v - an uncursed ring of protection from cold {unknown}
Scrolls
 h - 2 scrolls of identify {unknown}
 j - a scroll of remove curse {unknown}
 k - a scroll of recharging {unknown}
 q - a scroll of teleportation {unknown}
 r - a scroll of magic mapping {unknown}
 s - a scroll of noise {unknown}
Potions
 e - 2 potions of curing {unknown}
 i - a potion of flight {unknown}
 n - 2 potions of magic {unknown}
 p - a potion of brilliance {unknown}
 t - a potion of agility {unknown}
Books
 c - a book of Maledictions

   Spells                             Type                      Level
   a - Corona                         Hexes                        1
   b - Sure Blade                     Hexes/Charms                 2
   c - Ensorcelled Hibernation        Hexes/Ice                    2
   d - Confuse                        Hexes                        3
   e - Dazzling Spray                 Conjuration/Hexes            3
   f - Enslavement                    Hexes                        4
Comestibles
 d - 4 bread rations
 g - 3 meat rations
 o - a beef jerky


   Skills:
 + Level 0.6 Fighting
 + Level 1.6 Short Blades
 + Level 2.3 Dodging
 + Level 4.8 Stealth
 + Level 2.4 Spellcasting
 + Level 3.5 Hexes


You had one spell level left.
You knew the following spells:

 Your Spells              Type           Power        Failure   Level  Hunger
a - Corona                Hex            ##.....      6%          1    #......
b - Ensorcelled Hibernat  Hex/Ice        ##....       17%         2    ###....
c - Dazzling Spray        Conj/Hex       #.......     34%         3    ###....


Dungeon Overview and Level Annotations

Branches:
Dungeon (3/15)

Altars:
Okawaru


Innate Abilities, Weirdness & Mutations

You have extremely sharp teeth.
Your natural rate of healing is unusually fast.
When hurt, damage is shared between your health and your magic reserves.
Your bite disrupts and absorbs the magic of your enemies.
Potions and wands cannot restore your health.
You are immune to rotting.


Message History

The orc priest is lightly wounded.
The orc priest is dazzled.
Casting: Dazzling Spray
Confirm with . or Enter, or press ? or * to list all spells.
You don't have enough magic to cast that spell.
You closely miss the orc. Your bite misses the orc. You hit the orc.
You bite the orc, but do no damage.
The orc is moderately wounded.
The orc hits you but does no damage.
You closely miss the orc. You bite the orc, but do no damage.
The orc is moderately wounded.
The orc hits you.
* * * LOW HITPOINT WARNING * * *
You barely miss the orc. You bite the orc, but do no damage.
The orc is moderately wounded.
The orc priest is no longer blind.
The orc misses you.
The orc priest calls down the wrath of Beogh upon you.
Pain shoots through your body!
Ouch! That really hurt!
You die...

...........#.###...###..###.
...........#.......###..###.
.............................
............#####...####.###.
............# ###............
.........o..)##........##.###.
.........(.(..#....#.#...(....
..............#...............
...........o@(....#.#†#######
............#.....#.#.####...
............#.....#..........
...........#.###............
.............##.###.####.##
.........#.........# #.##
......#..##.########.##
.....................
#####.##......###.#.


You could see an orc priest and an orc.

Vanquished Creatures
  3 adders (D:2)
  3 worms
  An adder skeleton (D:3)
  An orc (D:3)
  A ball python (D:2)
  10 goblins
  6 hobgoblins
  A quokka (D:2)
  6 bats
  5 giant cockroaches
  2 giant geckos (D:2)
  3 giant newts
  2 jackals (D:1)
  10 kobolds
  7 rats
61 creatures vanquished.

Notes
Turn   | Place    | Note
--------------------------------------------------------------
     0 | D:1      | maniek23, the Vine Stalker Enchanter, began the quest for the Orb.
     0 | D:1      | Reached XP level 1. HP: 9/9 MP: 3/3
   100 | D:1      | Reached XP level 2. HP: 13/13 MP: 5/5
   114 | D:1      | Reached skill level 1 in Short Blades
   155 | D:1      | Reached skill level 4 in Stealth
   736 | D:2      | Reached XP level 3. HP: 16/16 MP: 5/7
   755 | D:2      | Learned a level 2 spell: Ensorcelled Hibernation
   986 | D:2      | Reached XP level 4. HP: 14/21 MP: 5/9
  1087 | D:2      | Found an iron altar of Okawaru.
  1214 | D:2      | Learned a level 3 spell: Dazzling Spray
  1839 | D:3      | Killed from afar by an orc priest

Action                   |  1- 3 |  4- 6 || total
-------------------------+-------+-------++-------
Melee: Dagger            |   111 |   100 ||   211
 Cast: Corona            |     2 |       ||     2
       Ensorcelled Hiber |     3 |       ||     3
       Dazzling Spray    |       |     2 ||     2
 Stab: Sleeping          |     6 |     5 ||    11
       Invisible         |       |     1 ||     1
  Eat: Chunk             |       |     3 ||     3
